 Dungeon Crawl Stone Soup version 0.19.0-2-gae57169 (webtiles) character file.

211 thirtiethelement the Chopper (level 5, -1/34 HPs)
             Began as an Octopode Wanderer on Nov 6, 2016.
             Was an Initiate of Yredelemnul.
             Slain by an adder (5 damage)
             ... on level 5 of the Dungeon.
             The game lasted 00:21:52 (2906 turns).

thirtiethelement the Chopper (Octopode Wanderer)    Turns: 2906, Time: 00:21:53

Health: -1/34      AC:  1    Str: 13    XL:     5   Next: 88%
Magic:  8/8        EV: 13    Int: 14    God:    Yredelemnul [......]
Gold:   158        SH:  0    Dex: 11    Spells: 5 memorised, 1 level left

rFire  . . .     SeeInvis .     g - +3 hand axe
rCold  . . .     Gourm    .     (no shield)
rNeg   . . .     Faith    .     (helmet restricted)
rPois  .         Spirit   .     (no amulet)
rElec  .         Reflect  .     (no ring)
rCorr  .         Harm     .     (no ring)
MR     .....                    (no ring)
Stlth  +++.......               (no ring)
                                (no ring)
                                (no ring)
                                (no ring)
                                (no ring)

@: no status effects
A: almost no armour, stealthy swim, amphibious, 8 rings, constrict 8, camouflage
1, gelatinous body 1
a: Renounce Religion


You were on level 5 of the Dungeon.
You worshipped Yredelemnul.
Yredelemnul was noncommittal.
You were not hungry.

You visited 1 branch of the dungeon, and saw 5 of its levels.

You collected 158 gold pieces.

Inventory:

Hand Weapons
 g - a +3 hand axe (weapon)
 q - a +1 dagger of protection
Armour
 s - a +0 shield
Wands
 k - a wand of digging (12/24)
Scrolls
 c - 3 scrolls of teleportation
 p - 2 scrolls of enchant armour
 t - a scroll of remove curse
Potions
 e - a potion of brilliance {unknown}
 h - a potion of cancellation {unknown}
 i - a potion of mutation {unknown}
 j - a potion of resistance {unknown}
 l - a potion of flight
 m - a potion of agility {unknown}
 n - 3 potions of curing {unknown}
 r - a potion of might {unknown}
Books
 a - a book of Minor Magic

   Spells                             Type                      Level
   a - Magic Dart                     Conjuration                  1
   b - Blink                          Translocation                2
   c - Call Imp                       Summoning                    2
   d - Repel Missiles                 Charms/Air                   2
   e - Slow                           Hexes                        2
   f - Conjure Flame                  Conjuration/Fire             3
   g - Mephitic Cloud                 Conjuration/Poison/Air       3
 b - the Collected Works on Air

   Spells                             Type                      Level
   a - Shock                          Conjuration/Air              1
   b - Mephitic Cloud                 Conjuration/Poison/Air       3
 u - Sif Muna's Collected Works on Companions
   (You found it on level 4 of the Dungeon)

   Spells                             Type                      Level
   a - Summon Small Mammal            Summoning                    1
Comestibles
 d - a meat ration
 f - 2 bread rations
 o - 2 slices of pizza


   Skills:
 + Level 2.1 Fighting
 + Level 4.9 Axes
 - Level 1.0 Throwing
 + Level 1.3 Dodging
 + Level 3.2 Stealth
 * Level 2.1 Spellcasting
 * Level 2.1 Conjurations
 + Level 0.2 Summonings
   Level 2.0 Ice Magic


You had one spell level left.
You knew the following spells:

 Your Spells              Type           Power        Failure   Level  Hunger
a - Magic Dart            Conj           #...         12%         1    ##.....
b - Shock                 Conj/Air       #...         17%         1    ##.....
c - Call Imp              Summ           #.......     34%         2    ###....
d - Slow                  Hex            #.......     34%         2    ###....
e - Summon Small Mammal   Summ           #...         24%         1    ##.....


Dungeon Overview and Level Annotations

Branches:
Dungeon (5/15)
 Temple: D:4-7

Altars:
Cheibriados
Nemelex Xobeh
Sif Muna
Yredelemnul
Zin

Annotations:
D:4 Edmund


Innate Abilities, Weirdness & Mutations

You cannot wear most types of armour.
You are very stealthy in the water. (Stealth+)
You are amphibious.
You can wear up to eight rings at the same time.
You can use your tentacles to constrict eight enemies at once.
Your skin changes colour to match your surroundings (Stealth+).
Your rubbery body absorbs attacks. (AC +1, EV +1)


Message History

Found a stone staircase leading down.
The leopard gecko hisses angrily.
Found a hunting sling.
Found a stone staircase leading up.
There is a stone staircase leading down here.
You climb downwards.
An iguana, an adder and a crimson imp come into view.
There is a stone staircase leading up here.
Found a murky pink potion.
Found a club.
Found a scroll of fear.
You barely miss the adder. You grab the adder. You constrict the adder.
The adder closely misses you.
You hit the adder.
The adder is severely wounded.
You constrict the adder. The adder bites you.
* * * LOW HITPOINT WARNING * * *
The adder bites you.
You die...
Your body rises from the dead as a mindless zombie.

#)...
#......##
#..##........
#............
#.....##..!..
###.#l# .....
#.#.#.#####
..#.#.# .#
#S#.# #.
#@#.# # #.#.#
..# # ...#
...#. .?.. .
..... .
#..... ..


You could see an iguana and an adder.

Vanquished Creatures
  A howler monkey (D:4)
  An orc wizard (D:4)
  3 gnolls (D:3)
  2 adders
  3 oozes
  2 worms
  2 dart slugs
  3 leopard geckos
  An orc (D:3)
  7 giant cockroaches
  5 goblins
  6 hobgoblins
  7 kobolds
  A quokka (D:3)
  A ball python (D:3)
  7 bats
  5 frilled lizards
  2 gnoll zombies (D:3)
  10 rats
  2 bushes (D:1)
71 creatures vanquished.

Vanquished Creatures (collateral kills)
  An adder (D:3)
  A giant cockroach (D:3)
  A kobold (D:3)
3 creatures vanquished.

Grand Total: 74 creatures vanquished

Notes
Turn   | Place    | Note
-------+----------+-------------------------------------------
     0 | D:1      | thirtiethelement the Octopode Wanderer began the quest for the Orb.
     0 | D:1      | thirtiethelement set off with: a book of Minor Magic, the Collected Works on Air, a scroll of teleportation, a +0 club, a bread ration
     0 | D:1      | Reached XP level 1. HP: 13/13 MP: 2/2
     6 | D:1      | Learned a level 1 spell: Magic Dart
     8 | D:1      | Learned a level 1 spell: Shock
    80 | D:1      | Reached XP level 2. HP: 12/18 MP: 1/3
   582 | D:1      | Reached XP level 3. HP: 12/23 MP: 0/5
  1066 | D:2      | Reached skill level 1 in Conjurations
  1223 | D:2      | Found a snail-covered altar of Cheibriados.
  1344 | D:2      | Found a sparkling altar of Nemelex Xobeh.
  1800 | D:3      | Reached XP level 4. HP: 26/28 MP: 4/6
  1813 | D:3      | Learned a level 2 spell: Call Imp
  1816 | D:3      | Learned a level 2 spell: Slow
  2157 | D:3      | Found a glowing silver altar of Zin.
  2469 | D:3      | Reached XP level 5. HP: 11/34 MP: 7/7
  2646 | D:3      | Found a basalt altar of Yredelemnul.
  2657 | D:3      | Became a worshipper of Yredelemnul the Dark
  2767 | D:4      | Reached skill level 1 in Dodging
  2773 | D:4      | Found a deep blue altar of Sif Muna.
  2788 | D:4      | Identified Sif Muna's Collected Works on Companions
  2793 | D:4      | Learned a level 1 spell: Summon Small Mammal
  2858 | D:4      | Noticed Edmund
  2893 | D:5      | Entered Level 5 of the Dungeon
  2906 | D:5      | Slain by an adder

Skill      XL: |  1  2  3  4  5 |
---------------+----------------+-----
Stealth        | 2 3 |  3.2
Conjurations   | 1 2 |  2.1
Dodging        | 1 |  1.3
Spellcasting   | 2 |  2.1
Fighting       | 2 |  2.1
Axes           | |  4.9
Throwing       | |  1.0
Summonings     | |  0.2
Ice Magic      | |  2.0

Action                   |  1- 3 |  4- 6 || total
-------------------------+-------+-------++-------
Melee: Club              |    13 |       ||    13
       Constrict         |    16 |    20 ||    36
       Tentacles         |    82 |    15 ||    97
       Hand axe          |   261 |    64 ||   325
 Cast: Magic Dart        |    38 |    12 ||    50
       Shock             |     2 |       ||     2
       Call Imp          |       |     2 ||     2
       Slow              |       |     1 ||     1
Evoke: Wand              |       |     1 ||     1
  Use: Scroll            |     8 |     2 ||    10
 Stab: Sleeping          |     3 |     3 ||     6
  Eat: Meat ration       |     1 |     1 ||     2
Armor: Skin              |    12 |     4 ||    16
Dodge: Dodged            |    39 |    27 ||    66
